 Dungeon Sprint DCSS version 0.23.2-1-ga50397a (webtiles) character file.

Game seed: 560355644484118480

13028 Barsley the Ninja (level 11, -13/49 HPs)
             Began as a Spriggan Assassin on Apr 28, 2019.
             Was a High Priest of Trog.
             Mangled by a spriggan berserker
             ... wielding a +1 antimagic hand axe
              (34 damage)
             ... in the Dungeon (Sprint IV: "Fedhas' Mad Dash").
             The game lasted 00:16:20 (3653 turns).

Barsley the Ninja (Spriggan Assassin)               Turns: 3653, Time: 00:16:21

Health: -13/49     AC:  3    Str: 10    XL:     11   Next: 70%
Magic:  1/26       EV: 17    Int: 13    God:    Trog [*****.]
Gold:   335        SH:  0    Dex: 18    Spells: 10/10 levels left

rFire    . . .     SeeInvis +   b - +0 blowgun
rCold    . . .     Gourm    .   (shield restricted)
rNeg     . . .     Faith    .   c - +0 robe
rPois    .         Spirit   .   (helmet restricted)
rElec    .         Reflect  .   d - +0 cloak
rCorr    .         Harm     .   (gloves unavailable)
MR       +....     NoTele   +   (boots unavailable)
Stlth    +++++++++.             n - amulet of invisibility {+Inv}
HPRegen  0.16/turn              (no ring)
MPRegen  0.20/turn              (no ring)

@: very quick
A: very small, unfitting armour, see invisible, herbivore, speed 3, slow
metabolism 2
a: Berserk, Trog's Hand, Brothers in Arms, Renounce Religion, Evoke Invisibility


You were in the Dungeon.
You worshipped Trog.
Trog was extremely pleased with you.
You were not hungry.

You visited 1 branch You collected 455 gold pieces.
You spent 120 gold pieces at shops.

Inventory:

Hand Weapons
 a - a +2 dagger
 b - a +0 blowgun (weapon)
 o - the +9 dagger of the Trees {protect, MR+ Str+4}
   (You found it in the Dungeon)

   It protects the one who uses it against injury (+AC on strike).
   It affects your strength (+4).
   It affects your resistance to hostile enchantments.
 r - a +1 dagger of protection
 s - a +1 antimagic rapier
 t - a +3 short sword of freezing
 u - a +2 demon blade of pain
Missiles
 e - 10 poisoned needles (quivered)
 f - 8 steel tomahawks
 h - 4 poisoned tomahawks
 m - 7 tomahawks of returning
Armour
 c - a +0 robe (worn)
 d - a +0 cloak (worn)
 p - the +1 robe of Joiwimp {+Fly rC- rCorr Str-3}
   (You found it in the Dungeon)

   It affects your strength (-3).
   It makes you vulnerable to cold.
   It lets you fly.
   It provides partial protection from all sources of acid and corrosion.
Jewellery
 n - the amulet of invisibility (around neck) {+Inv}
   (You found it in the Dungeon)

   [amulet of nothing]

   It lets you turn invisible.
Potions
 k - 5 potions of magic
 l - a potion of berserk rage
Miscellaneous
 q - a sack of spiders
Comestibles
 g - a ration


   Skills:
 - Level 1.5 Fighting
 + Level 11.8 Short Blades
 + Level 9.3 Throwing
 - Level 1.5 Dodging
 O Level 27 Stealth
 + Level 20.0 Evocations


You had 10 spell levels left.
You didn't know any spells.
Your spell library was empty.

Dungeon Overview and Level Annotations

Branches:
Dungeon (1/1)

Altars:
Cheibriados
Dithmenos
Elyvilon
Gozag
Hepliaklqana
Kikubaaqudgha
Makhleb
Nemelex Xobeh
Okawaru
Qazlal
Ru
Sif Muna
Trog
Uskayaw
Vehumet
Wu Jian
Xom
Yredelemnul
Zin
The Shining One
Beogh
Jiyva
Lugonu

Shops:
D [([**!}((((%}

Annotations:
D exclusion: 2 oklob plants


Innate Abilities, Weirdness & Mutations

You are very small and have problems with some larger weapons.
You are too small for most types of armour.
You have supernaturally acute eyesight. (SInv)
You are a herbivore.
You cover ground extremely quickly.
You need to consume almost no food.


Message History

The spriggan berserker hits you but does no damage.
Firing (i - inventory. (/) - cycle)
e - 11 poisoned needles (quivered)
Press: ? - help, Shift-Dir - straight line, f/p - spriggan berserker
Aim: a spriggan berserker, wielding a +1 antimagic hand axe and wearing a +0 animal skin (lightly wounded, berserk, fast, unusually strong, poisoned, regenerating, resistant to hostile enchantments)
You shoot a poisoned needle.
The poisoned needle closely misses the spriggan berserker.
The spriggan berserker hits you with a +1 antimagic hand axe!!
Ouch! That really hurt!
* * * LOW HITPOINT WARNING * * *
You feel your power leaking away.
You feel much better.
The spriggan berserker hits you with a +1 antimagic hand axe!
You feel your power leaking away.
The spriggan berserker barely misses you.
There is an open door here.
Things that are here:
a +0 quarterstaff; a +0 robe The spriggan berserker hits you with a +1 antimagic hand axe!!
Ouch! That really hurt!
You die...

#################################
...#.....#.⌠._._._._.⌠.#..'.))#§§
...'.#...'.._._._._._..'..#...#§.
.†.#.#...#..._._._._...#..###'##.
#######'##.._._._._._..#.(##∩∩.'.
.....'...#._._._._._.⌠.##########
.....#...###################....[
.♣..######♣♣♣♣♣..♣.###h'..'.....(
######..'......♣@i♣##:)#..#.P....
'.......#♣..♣♣♣.♣).###.##'##.P...
#.......#.♣♣.[♣...♣h..(#♣h♣######
########################.....####
...............# ###.h♣..♣....#
.............P)#####.[.♣......♣..
..(.(..((...).....(.....♣.)...∩.∩
....(............################
###'############## ####### #####


You could see a spriggan berserker (berserk) and a polar bear (berserk).

Vanquished Creatures
  Agnes (D)
  A ghost moth (D)
  A spriggan defender (D)
  A spriggan berserker (D)
  A spriggan druid (D)
  9 oklob plants (D)
  2 demonic crawlers (D)
  3 burning bushes (D)
  3 wandering mushrooms (D)
  A queen bee (D)
  4 hornets (D)
  2 scorpions (D)
  4 killer bees (D)
  5 oklob saplings (D)
  A worker ant (D)
  5 spriggans (D)
  A river rat (D)
  A rat (D)
  A ballistomycete spore (D)
47 creatures vanquished.

Vanquished Creatures (collateral kills)
  A demonic crawler (D)
  2 hornets (D)
  3 spriggans (D)
  A ballistomycete (D)
  A ballistomycete spore (D)
8 creatures vanquished.

Vanquished Creatures (others)
  2 bushes (D)
  2 fungi (D)
4 creatures vanquished.

Grand Total: 59 creatures vanquished

Notes
Turn   | Place    | Note
-------+----------+-------------------------------------------
     0 | D        | Barsley the Spriggan Assassin began the quest for the Orb.
     0 | D        | Reached XP level 1. HP: 10/10 MP: 2/2
     8 | D        | Reached skill level 8 in Stealth
     8 | D        | Reached XP level 2. HP: 14/14 MP: 3/3
    17 | D        | Noticed an oklob sapling
    19 | D        | Killed an oklob sapling
    19 | D        | Reached skill level 10 in Stealth
    19 | D        | Reached XP level 3. HP: 18/18 MP: 4/4
    22 | D        | Found the amulet of invisibility {+Inv}
    23 | D        | Reached skill level 11 in Stealth
    43 | D        | Found an opulent altar of Gozag.
    43 | D        | Found a hazy altar of Hepliaklqana.
    43 | D        | Found a burning altar of Makhleb.
    43 | D        | Found a sparkling altar of Nemelex Xobeh.
    43 | D        | Found a sacrificial altar of Ru.
    43 | D        | Found a deep blue altar of Sif Muna.
    43 | D        | Found an ornate altar of the Wu Jian Council.
    43 | D        | Found a shimmering altar of Xom.
    43 | D        | Found a basalt altar of Yredelemnul.
    44 | D        | Found a viscous altar of Jiyva.
    44 | D        | Found a roughly hewn altar of Beogh.
    44 | D        | Found a snail-covered altar of Cheibriados.
    44 | D        | Found a bloodstained altar of Trog.
    44 | D        | Noticed an oklob sapling priest
    45 | D        | Found an iron altar of Okawaru.
    45 | D        | Found a shadowy altar of Dithmenos.
    45 | D        | Found a glowing silver altar of Zin.
    46 | D        | Found an ancient bone altar of Kikubaaqudgha.
    46 | D        | Found a hide-covered altar of Uskayaw.
    47 | D        | Found a stormy altar of Qazlal.
    47 | D        | Found a white marble altar of Elyvilon.
    47 | D        | Found a glowing golden altar of the Shining One.
    48 | D        | Found a corrupted altar of Lugonu.
    48 | D        | Found a radiant altar of Vehumet.
    52 | D        | Became a worshipper of Trog the Wrathful
    53 | D        | Killed an oklob sapling priest
    53 | D        | Reached skill level 13 in Stealth
    53 | D        | Reached skill level 1 in Evocations
    53 | D        | Reached XP level 4. HP: 22/22 MP: 2/5
   305 | D        | Reached * piety under Trog
   305 | D        | Reached skill level 14 in Stealth
   305 | D        | Reached XP level 5. HP: 25/25 MP: 3/7
   314 | D        | Reached skill level 5 in Short Blades
   314 | D        | Reached skill level 15 in Stealth
   326 | D        | Found Miputs's Gadget Shop.
   326 | D        | Found Zireich's Distillery.
   336 | D        | Noticed a burning bush
   336 | D        | Noticed a wandering mushroom
   337 | D        | Noticed a wandering mushroom
   340 | D        | Killed a burning bush
   340 | D        | Reached ** piety under Trog
   340 | D        | Reached skill level 18 in Stealth
   340 | D        | Reached XP level 6. HP: 30/30 MP: 4/10
   341 | D        | Killed a wandering mushroom
   341 | D        | Reached skill level 19 in Stealth
   341 | D        | Reached skill level 5 in Evocations
   341 | D        | Reached XP level 7. HP: 33/33 MP: 4/12
   342 | D        | Killed a wandering mushroom
   342 | D        | Reached skill level 20 in Stealth
   344 | D        | Reached *** piety under Trog
   351 | D        | Found Hoiraced's Weapon Emporium.
   351 | D        | Found Coacuel's Weapon Shoppe.
   356 | D        | Got a blackened dagger
   357 | D        | Identified the +9 dagger of the Trees {protect, MR+ Str+4}
                  | (You found it in the Dungeon)
   549 | D        | Noticed a queen bee
   556 | D        | Killed a queen bee
   556 | D        | Reached skill level 21 in Stealth
   556 | D        | Reached XP level 8. HP: 37/37 MP: 11/14
   560 | D        | Reached **** piety under Trog
   565 | D        | Noticed an oklob plant
   568 | D        | Killed an oklob plant
   568 | D        | Reached skill level 22 in Stealth
   582 | D        | Noticed a burning bush
  1445 | D        | Killed a burning bush
  1445 | D        | Reached skill level 23 in Stealth
  1457 | D        | Noticed a burning bush
  1457 | D        | Noticed an oklob plant
  1458 | D        | Noticed a wandering mushroom
  1459 | D        | Killed a burning bush
  1459 | D        | Reached XP level 9. HP: 41/41 MP: 15/17
  1464 | D        | Killed an oklob plant
  1464 | D        | Reached skill level 24 in Stealth
  1464 | D        | Reached skill level 10 in Evocations
  1468 | D        | Killed a wandering mushroom
  1470 | D        | Got an ichor-stained robe
  1481 | D        | Identified the +1 robe of Joiwimp {+Fly rC- rCorr Str-3}
                  | (You found it in the Dungeon)
  1500 | D        | Noticed a spriggan druid
  1501 | D        | Killed a spriggan druid
  1501 | D        | Reached skill level 25 in Stealth
  1516 | D        | Noticed an oklob plant conjurer
  1518 | D        | Killed an oklob plant conjurer
  1518 | D        | Reached ***** piety under Trog
  1518 | D        | Received a gift from Trog
  1534 | D        | Noticed an oklob plant
  1534 | D        | Noticed an oklob plant summoner
  1536 | D        | Noticed an oklob plant shifter
  1540 | D        | Killed an oklob plant
  1540 | D        | Reached XP level 10. HP: 46/46 MP: 16/20
  1542 | D        | Killed an oklob plant summoner
  1542 | D        | Received a gift from Trog
  1542 | D        | Reached skill level 26 in Stealth
  1546 | D        | Killed an oklob plant shifter
  1561 | D        | Noticed Agnes
  1563 | D        | Found Erihagy's Weapon Emporium.
  1563 | D        | Noticed a spriggan berserker
  1565 | D        | Found Qiegregeps's Weapon Shoppe.
  1567 | D        | Killed Agnes
  1567 | D        | Reached skill level 10 in Short Blades
  1567 | D        | Reached skill level 27 in Stealth
  1573 | D        | Killed a spriggan berserker
  1573 | D        | Reached skill level 5 in Throwing
  1573 | D        | Reached skill level 15 in Evocations
  1577 | D        | Noticed a spriggan rider
  1585 | D        | Killed a spriggan rider
  1638 | D        | Noticed a ghost moth
  1716 | D        | Received a gift from Trog
  2012 | D        | Reached XP level 11. HP: 45/49 MP: 24/24
  2013 | D        | Killed a ghost moth
  2042 | D        | Found Tynnubru's Armour Emporium.
  2042 | D        | Found Ynyixan's Antique Weapon Boutique.
  2042 | D        | Found Xaog's Antique Armour Shoppe.
  2248 | D        | Noticed an oklob plant shifter
  2248 | D        | Noticed an oklob plant meteorologist
  2252 | D        | Killed an oklob plant meteorologist
  2252 | D        | Received a gift from Trog
  2261 | D        | Killed an oklob plant shifter
  2261 | D        | Received a gift from Trog
  2274 | D        | Noticed a spriggan rider
  2294 | D        | HP: 1/49 [spriggan rider/+0 spear (15)]
  2383 | D        | Bought a potion of heal wounds for 60 gold pieces
  2383 | D        | Bought a potion of heal wounds for 60 gold pieces
  2728 | D        | Killed a spriggan rider
  2728 | D        | Received a gift from Trog
  2745 | D        | Noticed a spriggan defender
  2752 | D        | Killed a spriggan defender
  2782 | D        | Noticed a spriggan rider
  2794 | D        | Killed a spriggan rider
  2799 | D        | Found Tofan's Food Emporium.
  2801 | D        | Found Godinn's Gadget Shoppe.
  2856 | D        | Received a gift from Trog
  2963 | D        | Paralysed by a hornet for 1 turns
  3216 | D        | Noticed an oklob plant summoner
  3217 | D        | Found Uxkiog's General Store.
  3218 | D        | Found Ejim's General Store.
  3223 | D        | Killed an oklob plant summoner
  3232 | D        | Noticed an oklob plant annihilator
  3233 | D        | Noticed an oklob plant demonologist
  3233 | D        | Noticed a spriggan berserker
  3644 | D        | HP: 1/49 [spriggan berserker/+1 antimagic hand axe (28)]
  3653 | D        | Mangled by a spriggan berserker

Skill      XL: |  1  2  3  4  5  6  7  8  9 10 11 |
---------------+----------------------------------+-----
Stealth        | 8 10 13 14 18 19 21 23 25 27 | 27.0
Short Blades   | 3 4 6 7 9 10 11 | 11.8
Throwing       | 3 4 5 9 |  9.3
Evocations     | 1 4 5 7 9 12 16 20 | 20.0
Fighting       | |  1.5
Dodging        | |  1.5

Action                   |  1- 3 |  4- 6 |  7- 9 | 10-12 || total
-------------------------+-------+-------+-------+-------++-------
Melee: Dagger            |     5 |     7 |    29 |    37 ||    78
 Fire: Blowgun           |       |       |       |    26 ||    26
Throw: Tomahawk          |       |       |     1 |    10 ||    11
Invok: Brothers in Arms  |       |       |     1 |     5 ||     6
 Abil: Evoke Invisibilit |     1 |     2 |     4 |     4 ||    11
  Use: Scroll            |       |       |     2 |     1 ||     3
       Potion            |       |       |       |     5 ||     5
 Stab: Sleeping          |     5 |     6 |    14 |    10 ||    35
       Invisible         |       |       |     1 |     3 ||     4
       Distracted        |       |       |       |     2 ||     2
  Eat: Ration            |       |       |     1 |     3 ||     4
Armor: Robe              |       |       |       |     7 ||     7
Dodge: Dodged            |       |       |     5 |    26 ||    31
